 Dungeon Crawl Stone Soup version 0.24-a0-769-g368c1644f8 (webtiles) character file.

Game seed: 3265361243402486967, levelgen mode: deterministic

1799 Erk the Skirmisher (level 8, -4/87 HPs)
             Began as a Troll Fighter on Oct 5, 2019.
             Was a Follower of Ru.
             Slain by a sky beast (5 damage)
             ... on level 5 of the Dungeon.
             The game lasted 00:36:02 (4188 turns).

Erk the Skirmisher (Troll Fighter)                  Turns: 4188, Time: 00:36:03

Health: -4/87      AC:  8    Str: 27    XL:     8   Next: 83%
Magic:  7/7        EV: 12    Int:  4    God:    Ru [*.....]
Gold:   283        SH:  0    Dex:  9    Spells: 7/7 levels left

rFire    + . .     SeeInvis .   i - +2 dagger (elec)
rCold    x . .     Gourm    +   (no shield)
rNeg     . . .     Faith    .   r - +2 robe {Archmagi}
rPois    +         Spirit   .   (helmet restricted)
rElec    .         Reflect  .   (no cloak)
rCorr    .         Harm     .   (gloves unavailable)
MR       .....                  (boots unavailable)
Stlth    +.........             (no amulet)
HPRegen  0.64/turn              a - ring of fire
MPRegen  0.10/turn              s - ring of poison resistance

@: about to teleport
A: large, unfitting armour, claws 3, fast metabolism 3, gourmand, regeneration
1, shaggy fur 1, tough skin 3, no fire magic, no hexes magic, no translocations
magic
a: Renounce Religion


You were on level 5 of the Dungeon.
You worshipped Ru.
Ru was aware of your devotion.
You were very full.

You visited 1 branch of the dungeon, and saw 6 of its levels.

You collected 283 gold pieces.

Inventory:

Hand Weapons
 e - a +1 club
 f - a +0 giant spiked club
 i - a +2 dagger of electrocution (weapon)
 t - a +0 dagger of venom
 x - a +1 whip of freezing
Missiles
 l - 26 poisoned darts
 u - 8 silver javelins (quivered)
Armour
 b - a +0 shield
 r - a +2 robe of the Archmagi (worn)
Jewellery
 a - a ring of fire (left claw)
 s - a ring of poison resistance (right claw)
Wands
 y - a wand of flame (14)
 z - a wand of clouds (6)
 A - a wand of acid (9)
Scrolls
 g - 2 scrolls of teleportation
 j - a scroll of magic mapping
 k - 5 scrolls of identify
 n - 6 scrolls of remove curse
 w - a scroll of enchant weapon
Potions
 c - a potion of might
 h - a potion of berserk rage
 p - 2 potions of flight
 v - a potion of curing
 B - a potion of cancellation
Comestibles
 d - 6 rations


   Skills:
 * Level 7.1 Fighting
 + Level 1.0 Throwing
 * Level 7.1 Dodging
 - Level 2.4 Shields
 - Level 2.4 Unarmed Combat


You had 7 spell levels left.
You didn't know any spells.
Your spell library was empty.

Dungeon Overview and Level Annotations

Branches:
Dungeon (6/15)
 Temple: D:4-7

Altars:
Ashenzari
Fedhas
Ru


Innate Abilities, Weirdness & Mutations

You are too large for most types of armour.
You have claws for hands.
Your metabolism is lightning-fast.
You like to eat raw meat.
Your natural rate of healing is unusually fast.
You are covered in fur. (AC +1)
You have extremely tough skin. (AC +3)
You cannot study or cast Fire magic.
You cannot study or cast Hexes magic.
You cannot study or cast Translocations magic.


Message History

The sentinel's mark upon you fades away.
The orc warrior hits you with a +0 flail!
* * * LOW HITPOINT WARNING * * *
The frilled lizard misses you.
You hit the frilled lizard.
Lightning courses through the frilled lizard!!
You kill the frilled lizard!
You closely miss the sky beast. The orc warrior barely misses you.
The sky beast flickers out of sight!
Deactivating autopickup; reactivate with Ctrl-A.
Something hits you.
* * * LOW HITPOINT WARNING * * *
Something shocks you.
* * * LOW HITPOINT WARNING * * *
You barely miss the orc warrior.
The orc warrior hits you but does no damage.
Something hits you.
* * * LOW HITPOINT WARNING * * *
Something shocks you.
You die...

.##.#
#.# ...
#.# #.#
#.# #.#
#.# #.#
#.# #.#
#.# #.#
#.# #.#
#.#
#.######
#o# #.#
#.......
#o####.#
########
#@{....#
########


You could see an orc warrior and an orc.

Vanquished Creatures
  Pikel (D:4)
  Sigmund (D:3)
  An orc warrior (D:6)
  2 ice beasts (D:5)
  2 slaves (D:4)
  3 ogres
  A black bear (D:6)
  A phantom (D:4)
  A centaur (D:5)
  A crimson imp (D:5)
  2 orc wizards
  An orc priest (D:4)
  A centaur skeleton (D:5)
  An iguana (D:4)
  2 hound zombies (D:5)
  6 adders
  3 oozes
  2 adder zombies
  3 worms
  4 dart slugs
  5 leopard geckos
  10 orcs
  4 giant cockroaches
  3 goblins
  11 hobgoblins
  7 jackals (D:3)
  13 kobolds
  3 quokkas
  2 ball pythons (D:1)
  7 bats
  4 frilled lizards
  A quokka skeleton (D:6)
  7 rats
116 creatures vanquished.

Notes
Turn   | Place    | Note
-------+----------+-------------------------------------------
     0 | D:1      | Erk the Troll Fighter began the quest for the Orb.
     0 | D:1      | Reached XP level 1. HP: 22/22 MP: 0/0
   175 | D:1      | You fall into a shaft and drop 1 floor!
   187 | D:2      | Reached XP level 2. HP: 25/29 MP: 1/1
   419 | D:2      | Reached XP level 3. HP: 33/36 MP: 2/2
  1253 | D:2      | Found a shattered altar of Ashenzari.
  1391 | D:2      | Reached XP level 4. HP: 43/45 MP: 3/3
  2032 | D:3      | Noticed Sigmund
  2093 | D:3      | HP: 2/45 [something/puff of flame (10)]
  2177 | D:3      | Killed Sigmund
  2177 | D:3      | Reached XP level 5. HP: 54/54 MP: 4/4
  2304 | D:3      | Found a sacrificial altar of Ru.
  2312 | D:3      | Became a worshipper of Ru the Awakened
  2339 | D:3      | Reached XP level 6. HP: 62/62 MP: 5/5
  2739 | D:4      | Noticed a slave
  2739 | D:4      | Noticed a slave
  2740 | D:4      | Noticed Pikel
  2740 | D:4      | Noticed a slave
  2973 | D:4      | Found a blossoming altar of Fedhas.
  3129 | D:4      | Gained mutation: You cannot study or cast Fire magic. [Ru
                  | sacrifice]
  3129 | D:4      | Gained mutation: You cannot study or cast Hexes magic. [Ru
                  | sacrifice]
  3129 | D:4      | Gained mutation: You cannot study or cast Translocations
                  | magic. [Ru sacrifice]
  3129 | D:4      | Reached * piety under Ru
  3433 | D:4      | Killed a slave
  3440 | D:4      | Killed a slave
  3471 | D:4      | Reached skill level 5 in Dodging
  3471 | D:4      | Reached XP level 7. HP: 59/71 MP: 6/6
  3480 | D:4      | Killed Pikel
  3480 | D:4      | Reached skill level 5 in Fighting
  3534 | D:4      | Reached XP level 8. HP: 70/83 MP: 7/7
  3565 | D:5      | Entered Level 5 of the Dungeon
  3919 | D:6      | Noticed a two-headed ogre
  4158 | D:6      | Reached skill level 1 in Throwing
  4187 | D:5      | HP: 2/87 [something (6)]
  4188 | D:5      | Slain by a sky beast

Levels and vault maps discovered:
D:1:      dpeg_arrival_radiant, layout_loops_corners, minmay_heptomino_w4
D:2:      minmay_razor_zed, layout_basic, lemuel_crystal_altar, first_ration
D:3:      layout_basic, nicolae_ru_path_of_blood, lightli_corner_chamber,
          uniq_sigmund
D:4:      layout_cave_pools, old_standard_altar, chequers_serial_rivers_micro_b,
          grunt_ministairs_5, uniq_pikel
D:5:      layout_loops_ring
D:6:      kennysheep_kobold_camp, layout_basic

Skill      XL: |  1  2  3  4  5  6  7  8 |
---------------+-------------------------+-----
Dodging        | 3 4 5 7 |  7.1
Fighting       | 3 4 5 7 |  7.1
Throwing       | 1 |  1.0
Shields        | |  2.4
Unarmed Combat | |  2.4

Action                   |  1- 3 |  4- 6 |  7- 9 || total
-------------------------+-------+-------+-------++-------
Melee: Unarmed           |    36 |       |       ||    36
       Club              |    45 |       |       ||    45
       Dagger            |    44 |   187 |   113 ||   344
       Punch             |       |     1 |     2 ||     3
Invok: Sacrifice Arcana  |       |     1 |       ||     1
  Use: Scroll            |     6 |     3 |     1 ||    10
       Potion            |     3 |     3 |     1 ||     7
 Stab: Sleeping          |     1 |       |       ||     1
  Eat: Chunk             |    19 |    17 |     8 ||    44
Armor: Robe              |    47 |    70 |    46 ||   163
Dodge: Dodged            |    73 |    87 |    95 ||   255

Table legend:
 A = Non-vault XP
 B = Vault XP
 C = Vault XP percentage of total XP
 D = Non-vault monster count
 E = Vault monster count
 F = Vault count percentage of total count
                 A         B        C        D         E       F
            +---------+---------+-------+---------+---------+-------
      Total |    1689 |     881 |  34.3 |      98 |      16 |  14.0
            +---------+---------+-------+---------+---------+-------
        D:1 |      28 |      12 |  30.0 |      12 |       6 |  33.3
        D:2 |      78 |      15 |  16.1 |      26 |       7 |  21.2
        D:3 |      78 |     223 |  74.1 |      25 |       1 |   3.8
        D:4 |     390 |     631 |  61.8 |      12 |       2 |  14.3
        D:5 |     804 |       0 |   0.0 |      16 |       0 |   0.0
        D:6 |     311 |       0 |   0.0 |       7 |       0 |   0.0
            +---------+---------+-------+---------+---------+-------
